 Dungeon Crawl Stone Soup version 0.29.0-4-gdea44cf6ec (webtiles) character file.

Game seed: 5970469969583205045

23 qw the Chopper (level 2, 0/17 HPs)
             Began as a Tengu Warper on Aug 28, 2022.
             Slain by a goblin
             ... wielding a +0 club
              (4 damage)
             ... on level 2 of the Dungeon.
             The game lasted 00:00:05 (879 turns).

qw the Chopper (Tengu Warper)                        Turns: 879, Time: 00:00:05

Health: 0/17       AC:  5    Str: 11    XL:     2   Next: 95%
Magic:  6/6        EV: 10    Int: 13    God:
Gold:   70         SH:  0    Dex: 13    Spells: 5/5 levels left

rFire   . . .      SeeInvis .   Y - +0 hand axe
rCold   . . .      Faith    .   (no shield)
rNeg    . . .      Spirit   .   e - +0 ring mail
rPois   .          Reflect  .   (helmet restricted)
rElec   .          Harm     .   (no cloak)
rCorr   .          Rampage  .   (no gloves)
Will    .....                   (boots unavailable)
Stlth   +.........              (no amulet)
HPRegen 0.05/turn               (no ring)
MPRegen 0.10/turn               (no ring)

@: no status effects
A: beak, talons 3
a: no special abilities


You were on level 2 of the Dungeon.
You visited 1 branch of the dungeon, and saw 2 of its levels.

You collected 70 gold pieces.


Innate Abilities, Weirdness & Mutations

You have a beak for a mouth.
You have claws for feet.


   Skills:
 - Level 2.0 Fighting
 + Level 3.7 Axes
 - Level 1.0 Throwing
 - Level 1.1 Armour
 - Level 2.1 Dodging
 - Level 2.0 Spellcasting
 - Level 2.4 Translocations


You had 5 spell levels left.
You didn't know any spells.
Your spell library contained the following spells:

 Spells                   Type           Power      Damage    Failure   Level
 Blink                    Tloc           14%        N/A       34%         2
 Gell's Gravitas          Tloc           7%         N/A       56%         3
 Lesser Beckoning         Tloc           7%         N/A       56%         3
 Teleport Other           Tloc           7%         N/A       56%         3
 Manifold Assault         Tloc           7%         N/A       99%         5

Inventory:

Hand Weapons
 f - a +0 whip
 Y - a +0 hand axe (weapon)
Armour
 e - a +0 ring mail (worn)
Scrolls
 a - a scroll of immolation {unknown}
Potions
 h - a potion of curing {unknown}
 i - a potion of lignification {unknown}

Dungeon Overview and Level Annotations

Branches:
Dungeon (2/15)

Altars:


Message History

Found a quarterstaff and 4 stones.
Found a stone staircase leading down.
a - a scroll labelled KILIDAD YSARR You now have 61 gold pieces (gained 6).
You now have 70 gold pieces (gained 9).
A goblin comes into view. It is wielding a +0 club.
The goblin shouts!
The goblin unwields a +0 club.
The goblin wields a +0 sling.
The goblin shoots a sling bullet.
The sling bullet hits you.
872 ||| FLEEEEING.
A giant cockroach comes into view.
An adder comes into view.
The adder hisses angrily.
The goblin shoots a sling bullet.
The sling bullet completely misses you.
Found 2 poisoned darts.
The goblin shoots a sling bullet.
The sling bullet barely misses you.
You hit the giant cockroach. Your peck misses the giant cockroach.
The giant cockroach is almost dead.
The giant cockroach bites you but does no damage.
The adder bites you.
A kobold comes into view. It is wielding a +0 short sword.
The giant cockroach barely misses you.
The kobold shouts!
You hit the giant cockroach.
You kill the giant cockroach!
You barely miss the adder. You barely miss the goblin. The adder bites you.
The kobold throws a stone.
The stone hits you but does no damage.
The goblin unwields a +0 sling.
The goblin wields a +0 club.
The goblin closely misses you.
You closely miss the adder. Your kick misses the adder.
You closely miss the goblin. The adder bites you but does no damage.
The kobold throws a stone.
The stone hits you but does no damage. The adder bites you.
The goblin hits you with a +0 club.
You hit the adder. Your kick misses the adder.
The adder is heavily wounded.
You barely miss the goblin.
The kobold throws a stone.
The stone closely misses you. The adder barely misses you.
The goblin hits you with a +0 club.
You die...

#...#.#####.....# #
#.#.........#..## #
....#....#.....# .
..###..#.##>..#.##)..#
..?............# #.##
##..#.##.##### (#
##.....##.# #
##.g.......#
#..S@..#####
.(....%...#
.........## K##.#.....
# ##.###. ## .# #


You could see an adder, a goblin and a kobold.

Vanquished Creatures
  3 ball pythons (D:1)
  An endoplasm (D:1)
  A giant cockroach (D:2)
  2 hobgoblins (D:1)
  3 bats (D:1)
  A frilled lizard (D:1)
  3 goblins (D:1)
  6 kobolds (D:1)
  A rat (D:2)
21 creatures vanquished.

Notes
Turn   | Place    | Note
-------+----------+-------------------------------------------
     0 | D:1      | qw the Tengu Warper began the quest for the Orb.
     0 | D:1      | Reached XP level 1. HP: 12/12 MP: 4/4
     0 | D:1      | 0 ||| qw: Version: 0.1-a-89-g26bdef1
     0 | D:1      | 0 ||| qw: Game counter: 627
     0 | D:1      | 0 ||| qw: Always use a shield: true
     0 | D:1      | 0 ||| qw: God list: Okawaru
     0 | D:1      | 0 ||| qw: Allow faded altars: false
     0 | D:1      | 0 ||| qw: Do Orc after D:15 true
     0 | D:1      | 0 ||| qw: Do second Lair branch before Depths: true
     0 | D:1      | 0 ||| qw: Lair rune preference: random
     0 | D:1      | 0 ||| qw: Plans: Normal
     0 | D:1      | 0 ||| PLANNING D:1-11
   156 | D:1      | Reached skill level 3 in Axes
   156 | D:1      | Reached XP level 2. HP: 13/17 MP: 6/6
   250 | D:1      | 250 ||| DROPPING +0 club.
   262 | D:1      | 262 ||| Stepping ~*~*~tactically~*~*~ (stealth).
   798 | D:1      | 798 ||| UPGRADING to +0 ring mail.
   808 | D:1      | 808 ||| DROPPING +0 leather armour.
   809 | D:1      | 809 ||| READING scroll labelled HUIHYTHR BIRI.
   814 | D:1      | 814 ||| READING scroll labelled LIAHUCKAWO.
   815 | D:1      | 815 ||| DROPPING scroll of blinking.
   872 | D:2      | 872 ||| FLEEEEING.
   878 | D:2      | HP: 4/17 [goblin/+0 club (3)]
   879 | D:2      | Slain by a goblin

Levels and vault maps discovered:
D:1:      dpeg_arrival_shrine, layout_loops_ring, chequers_decorated_corner
D:2:      layout_loops_ring, minmay_fractal_squares_gapless_5

Skill      XL: |  1 |
---------------+----+-----
Axes           | 3 |  3.7
Fighting       | |  2.0
Throwing       | |  1.0
Armour         | |  1.1
Dodging        | |  2.1
Spellcasting   | |  2.0
Translocations | |  2.4

Action                   || total
-------------------------++-------
Melee: Hand axe          ||    44
       Kick              ||     7
       Peck              ||     2
Throw: Boomerang         ||     7
  Use: Scroll            ||     2
Armor: Leather armour    ||    10
       Ring mail         ||     4
Dodge: Dodged            ||    24

Table legend:
 A = Non-vault XP
 B = Vault XP
 C = Vault XP percentage of total XP
 D = Non-vault monster count
 E = Vault monster count
 F = Vault count percentage of total count
                 A         B        C        D         E       F
            +---------+---------+-------+---------+---------+-------
      Total |      33 |       0 |   0.0 |      21 |       0 |   0.0
            +---------+---------+-------+---------+---------+-------
        D:1 |      30 |       0 |   0.0 |      19 |       0 |   0.0
        D:2 |       3 |       0 |   0.0 |       2 |       0 |   0.0
            +---------+---------+-------+---------+---------+-------
